 Dungeon Crawl Stone Soup version 0.31-a0-507-gbafd7f5274 (webtiles) character file.

Game seed: 2238929255575146504

80 RepHenryClay the Covered (level 4, 0/39 HPs)
             Began as a Barachi Fighter on Aug 10, 2023.
             Constricted to death by Ijyb (2 damage)
             ... on level 3 of the Dungeon.
             The game lasted 00:02:24 (1850 turns).

RepHenryClay the Covered (Barachi Fighter)          Turns: 1850, Time: 00:02:25

Health: 0/39       AC:  7    Str: 15 (18) XL:     4   Next: 39%
Magic:  4/4        EV:  5    Int:  5 (8)  God:
Gold:   135        SH:  4    Dex:  9 (11) Spells: 3/3 levels left

rFire   . . .        b - +2 dagger (drain)
rCold   + . .        c - +0 buckler
rNeg    . . .        h - +0 scale mail
rPois   .            (helmet restricted)
rElec   .            (no cloak)
rCorr   .            (no gloves)
SInv    .            (no boots)
Will    +....        (no amulet) Stlth
                     k - ring of protection from cold
HPRegen 0.26/turn    (no ring)
MPRegen 0.09/turn

%: no passive effects
@: mighty, grasped by roots, enlightened, flying, constricted, slow
A: amphibious, slowness 1, strong legs 1, +LOS, horns 1, deterioration 1, robust
1, weak 1
a: Hop


You were on level 3 of the Dungeon.
You visited 1 branch of the dungeon, and saw 3 of its levels.

You collected 135 gold pieces.

Inventory:

Hand Weapons
 a - a +0 long sword
 b - a +2 dagger of draining (weapon)
Missiles
 t - 6 poisoned darts
Armour
 c - a +0 buckler (worn)
 h - a +0 scale mail (worn)
 r - a +0 helmet
Jewellery
 e - a ring of wizardry
 k - a ring of protection from cold (left hand)
Scrolls
 g - a scroll of torment {unknown}
 j - a scroll of vulnerability {unknown}
 l - a scroll of noise {unknown}
 m - 3 scrolls of identify {unknown}
 n - a scroll of fog {unknown}
 o - a scroll of amnesia {unknown}
 s - a scroll of teleportation {unknown}


   Skills:
 - Level 3.6 Fighting
 * Level 4.2 Long Blades
 + Level 4.3 Armour
 + Level 3.9 Shields


You had 3 spell levels left.
You didn't know any spells.
Your spell library contained the following spells:

 Spells                   Type           Power      Damage    Failure   Level
 Shock                    Conj/Air       0%         1d3       94%         1
 Swiftness                Air            0%         N/A       100%        3
 Airstrike                Air            0%         2d(0-16)  100%        4


Dungeon Overview and Level Annotations

Branches:
Dungeon (3/15)

Altars:
Ashenzari

Annotations:
D:3 Ijyb


Innate Abilities, Weirdness & Mutations

You are amphibious.
You cover ground slowly.
You can hop short distances.
You have an extended range of vision and can be seen from far away.
You have a pair of small horns on your head.
Your body sometimes deteriorates upon taking damage.
You are robust. (+10% HP)
You are weak. (Str -2)


Message History

It was a potion of mutation.
You feel extremely strange.
You feel robust.
You feel weaker.
You feel yourself wasting away. A pair of horns grows on your head!
Your +0 helmet falls away!
Ijyb hits you but does no damage.
You hit Ijyb. You drain Ijyb.
Ijyb is moderately wounded.
Ijyb hits you with a +0 club.
* * * LOW HITPOINT WARNING * * *
Your body deteriorates!
You feel weakened.
Huge Dmg: -10%(-4hp) hp: 26%(10hp)
You hit Ijyb. You drain Ijyb. You headbutt Ijyb, but do no damage.
Ijyb is heavily wounded.
Ijyb hits you with a +0 club.
* * * LOW HITPOINT WARNING * * *
Damage: -2%(-1hp) hp: 24%(9hp) Unknown command.
Okay, then.
Unknown command.
You feel very mighty all of a sudden. Ijyb closely misses you.
You barely miss Ijyb. You headbutt Ijyb.
Ijyb is severely wounded.
Ijyb barely misses you.
You closely miss Ijyb. You headbutt Ijyb.
Ijyb is almost dead.
Ijyb zaps a wand.
The roots erupt in riotous growth!
The grasping roots grab you!
Ijyb is unaffected.
The grasping roots constrict you.
* * * LOW HITPOINT WARNING * * *
Huge Dmg: -11%(-4hp) hp: 13%(5hp) Unknown command.
You closely miss Ijyb.
Ijyb is almost dead.
Ijyb hits you but does no damage. The grasping roots constrict you.
* * * LOW HITPOINT WARNING * * *
Huge Dmg: -7%(-3hp) hp: 6%(2hp)
You hit Ijyb. You headbutt Ijyb.
Ijyb is almost dead.
Ijyb hits you but does no damage. The grasping roots constrict you.
You die...

########
#.#.##≈.≈...§.≈#'###
#.#.##§..≈≈≈..≈#.###
#.#.##.≈§≈≈≈≈≈.#....
#.#.##.........####.
#.#...#########.###.
#.#.................
#.##################
#/#########
#.@g.......
###########


You could see Ijyb (very drained).

Vanquished Creatures
  Robin (D:3)
  3 adders
  An orc (D:3)
  3 bats
  3 endoplasms
  2 giant cockroaches
  4 hobgoblins
  A quokka (D:3)
  2 ball pythons
  A frilled lizard (D:3)
  11 goblins
  2 kobolds (D:3)
  3 rats
37 creatures vanquished.

Notes
Turn   | Place    | Note
-------+----------+-------------------------------------------
     0 | D:1      | RepHenryClay the Barachi Fighter began the quest for the
                  | Orb.
     0 | D:1      | Reached XP level 1. HP: 18/18 MP: 1/1
   437 | D:1      | Reached XP level 2. HP: 17/19 MP: 2/2
  1131 | D:2      | Reached XP level 3. HP: 24/27 MP: 3/3
  1367 | D:3      | Found a broken altar of Ashenzari.
  1454 | D:3      | Noticed Robin
  1496 | D:3      | Killed Robin
  1570 | D:3      | Reached XP level 4. HP: 35/36 MP: 4/4
  1834 | D:3      | Noticed Ijyb
  1843 | D:3      | Gained mutation: You are robust. (+10% HP) [potion of
                  | mutation]
  1843 | D:3      | Gained mutation: You are weak. (Str -2) [potion of
                  | mutation]
  1843 | D:3      | Gained mutation: Your body sometimes deteriorates upon
                  | taking damage. [potion of mutation]
  1843 | D:3      | Gained mutation: You have a pair of small horns on your
                  | head. [potion of mutation]
  1850 | D:3      | Constricted to death by Ijyb

Illustrated notes

Levels and vault maps discovered:
D:1:      lemuel_arrival_behind_the_door_small, layout_basic
D:2:      layout_basic
D:3:      layout_basic, mainiacjoe_overflow_paths, uniq_robin, uniq_ijyb

Skill      XL: |  1  2  3 |
---------------+----------+-----
Long Blades    | 3 4 |  4.2
Armour         | 4 |  4.3
Fighting       | |  3.6
Shields        | |  3.9

Action                     |  1- 3 |  4- 6 || total
---------------------------+-------+-------++-------
  Melee: Long sword        |    27 |       ||    27
         Dagger            |    81 |    34 ||   115
         Headbutt          |       |     4 ||     4
    Use: Potion            |       |     5 ||     5
 Armour: Scale mail        |    60 |    17 ||    77
  Dodge: Dodged            |    40 |    11 ||    51
  Block: Buckler           |    23 |     3 ||    26

Table legend: (Time is in decaauts)
 A = Elapsed time spent in this place.
 B = Non-inter-level travel time spent in this place.
 C = Inter-level travel time spent in this place.
 D = Time resting spent in this place.
 E = Time spent auto-exploring this place.
 F = Levels seen in this place.
 G = Mean time per level.
                   A        B        C        D        E       F      G
               +--------+--------+--------+--------+--------+-----+--------+
         Total |   2162 |   2124 |     38 |      0 |   1818 |   3 |  720.7 |
       Dungeon |   2162 |   2124 |     38 |      0 |   1818 |   3 |  720.7 |
               +--------+--------+--------+--------+--------+-----+--------+

Top non-repeatable levels by time:
     D:1: 912 daAuts
     D:2: 703 daAuts
     D:3: 545 daAuts
